 Dungeon Crawl Stone Soup version 0.26-a0-648-g87339cca5e (webtiles) character file.

Game seed: 704636614957904444

3 Descartes the Skirmisher (level 1, 0/14 HPs)
             Began as a Deep Elf Wanderer on Sept 25, 2020.
             Slain by a kobold
             ... wielding a +0 whip
              (3 damage)
             ... on level 1 of the Dungeon.
             The game lasted 00:01:16 (1205 turns).

Descartes the Skirmisher (Deep Elf Wanderer)        Turns: 1205, Time: 00:01:17

Health: 0/14       AC:  2    Str:  9    XL:     1   Next: 41%
Magic:  4/5        EV: 12    Int: 17    God:
Gold:   70         SH:  0    Dex: 13    Spells: 2/3 levels left

rFire    . . .     SeeInvis .   a - +0 dagger
rCold    . . .     Faith    .   (no shield)
rNeg     . . .     Spirit   .   c - +0 robe
rPois    .         Reflect  .   (no helmet)
rElec    .         Harm     .   (no cloak)
rCorr    .         Rampage  .   (no gloves)
MR       .....                  (no boots)
Stlth    ++........             (no amulet)
HPRegen  0.04/turn              (no ring)
MPRegen  0.09/turn              (no ring)

@: no status effects
A: no striking features
a: no special abilities


You were on level 1 of the Dungeon.
You visited 1 branch of the dungeon, and saw 1 of its levels.

You collected 70 gold pieces.

Inventory:

Hand Weapons
 a - a +0 dagger (weapon)
Missiles
 f - 2 stones (quivered)
 i - 23 arrows
Armour
 c - a +0 robe (worn)
Jewellery
 e - an uncursed ring of protection from cold {unknown}
Scrolls
 g - 2 scrolls of identify {unknown}
 j - a scroll of fear {unknown}
Potions
 b - 2 potions of lignification
 d - 2 potions of heal wounds {unknown}
 h - a potion of magic {unknown}


   Skills:
 - Level 3.2 Fighting
 - Level 1.0 Throwing
 + Level 1.4 Dodging
 + Level 1.4 Stealth
 + Level 1.8 Spellcasting
 - Level 1.3 Hexes
   Level 1.1 Ice Magic


You had 2 spell levels left.
You knew the following spells:

 Your Spells              Type           Power        Failure   Level
a - Corona                Hex            #......      12%         1

Your spell library contained the following spells:

 Spells                   Type           Power        Failure   Level
 Ensorcelled Hibernation  Hex/Ice        #.....       19%         2
 Confusing Touch          Hex            #.......     34%         3
 Tukima's Dance           Hex            #.......     34%         3
 Dazzling Flash           Conj/Hex       #.....       41%         3


Dungeon Overview and Level Annotations

Branches:
Dungeon (1/15)

Altars:


Message History

* * * LOW HITPOINT WARNING * * *
You hit the kobold but do no damage.
The kobold is moderately wounded.
The kobold hits you with a +0 whip.
* * * LOW HITPOINT WARNING * * *
You hit the kobold.
The kobold is severely wounded.
The kobold barely misses you.
You closely miss the kobold.
The kobold is moderately wounded.
The kobold barely misses you.
There is an open door here.
There is an open door here.
Casting: Corona (safe; 12% risk of failure)
Confirm with . or Enter, or press ? or * to list all spells.
Aiming: Corona (safe; 12% risk of failure)
Press: ? - help, Shift-Dir - straight line, f - kobold
Aim: a kobold, wielding a +0 whip (chance to defeat MR: 58%)
The kobold is outlined in light.
The kobold hits you with a +0 whip.
You die...

#......##.##########.
#......##............
#......###########.#.
#......# ###'## ####.###
#8...8 #.# ##.#.# #.#
#8.#.8 #.# ##.#.# #@#
########8...8 ########K#
#8#8#8#8#...#
#........####............
#........##.'.#####...<..
#........##.#............
########.##.#8#8#8#8#...#
#....########8...8
#...........##.#.#
#.......##..#8.#.8


You could see a kobold (corona).

Vanquished Creatures
  A hobgoblin (D:1)
  A ball python (D:1)
  2 kobolds (D:1)
4 creatures vanquished.

Notes
Turn   | Place    | Note
-------+----------+-------------------------------------------
     0 | D:1      | Descartes the Deep Elf Wanderer began the quest for the
                  | Orb.
     0 | D:1      | Descartes set off with the following items: a +0 dagger, 2
                  | potions of lignification, a +0 robe; and the following
                  | spell memorised: Corona; and the following spells available
                  | to memorise: Ensorcelled Hibernation, Confusing Touch,
                  | Tukima's Dance, Dazzling Flash
     0 | D:1      | Reached XP level 1. HP: 14/14 MP: 5/5
  1205 | D:1      | Slain by a kobold

Illustrated notes

Levels and vault maps discovered:
D:1:      heliophobic_arrival_ceremonial_halls, layout_basic

Action                   || total
-------------------------++-------
Melee: Dagger            ||    35
 Cast: Corona            ||     1
Armor: Robe              ||     7
Dodge: Dodged            ||    17

Table legend: (Time is in decaauts)
 A = Elapsed time spent in this place.
 B = Non-inter-level travel time spent in this place.
 C = Inter-level travel time spent in this place.
 D = Time resting spent in this place.
 E = Time spent auto-exploring this place.
 F = Levels seen in this place.
 G = Mean time per level.
                   A        B        C        D        E       F      G
               +--------+--------+--------+--------+--------+-----+--------+
         Total |   1205 |   1205 |      0 |      0 |   1109 |   1 | 1205.0 |
       Dungeon |   1205 |   1205 |      0 |      0 |   1109 |   1 | 1205.0 |
               +--------+--------+--------+--------+--------+-----+--------+

Top non-repeatable levels by time:
     D:1: 1205 daAuts
